 Dungeon Crawl Stone Soup version 0.26-a0-639-g72c4674329 (webtiles) character file.

Game seed: 4036840647502678502

93 Lanoc the Digger (level 4, -3/33 HPs)
             Began as a Ghoul Earth Elementalist on Sept 29, 2020.
             Killed from afar by an orc wizard (7 damage)
             ... with a magic dart
             ... on level 4 of the Dungeon.
             The game lasted 00:02:14 (2013 turns).

Lanoc the Digger (Ghoul Earth Elementalist)         Turns: 2013, Time: 00:02:15

Health: -3/33      AC:  2    Str: 11    XL:     4   Next: 61%
Magic:  0/5        EV: 12    Int: 11    God:
Gold:   104        SH:  0    Dex:  9    Spells: 5/6 levels left

rFire    . . .     SeeInvis .   m - +2 dagger (distort)
rCold    + . .     Faith    .   (no shield)
rNeg     + + +     Spirit   .   c - +0 robe
rPois    ∞         Reflect  .   (no helmet)
rElec    .         Harm     .   (no cloak)
rCorr    .         Rampage  .   (no gloves)
MR       .....                  (no boots)
Stlth    ++........             (no amulet)
HPRegen  0.00/turn              (no ring)
MPRegen  0.09/turn              (no ring)

@: no status effects
A: rotting body, claws 1, cold resistance 1, negative energy resistance 3,
inhibited regeneration, torment resistance, unbreathing
a: no special abilities


You were on level 4 of the Dungeon.
You visited 1 branch of the dungeon, and saw 4 of its levels.

You collected 104 gold pieces.

Inventory:

Hand Weapons
 m - a +2 dagger of distortion (weapon)
Missiles
 b - 64 stones (quivered)
Armour
 c - a +0 robe (worn)
Wands
 l - a wand of polymorph (11)
Scrolls
 a - 7 scrolls of identify {unknown}
 e - a scroll of blinking {unknown}
 f - 2 scrolls of amnesia {unknown}
 g - 2 scrolls of magic mapping {unknown}
 h - 5 scrolls of teleportation {unknown}
 i - a scroll of remove curse {unknown}
 j - a scroll of enchant weapon {unknown}
 n - a scroll of immolation {unknown}
Potions
 d - 3 potions of curing {unknown}
 k - a potion of brilliance {unknown}


   Skills:
 + Level 2.8 Dodging
 - Level 2.1 Stealth
 - Level 1.7 Spellcasting
   Level 0.8 Transmutations
 * Level 5.1 Earth Magic


You had 5 spell levels left.
You knew the following spells:

 Your Spells              Type           Power        Failure   Level
a - Sandblast             Erth           ##....       3%          1

Your spell library contained the following spells:

 Spells                   Type           Power        Failure   Level
 Passwall                 Tmut/Erth      #.......     13%         2
 Stone Arrow              Conj/Erth      #.....       32%         3
 Petrify                  Tmut/Erth      #.......     65%         4
 Lee's Rapid Deconstruct  Erth           ##........   71%         5


Dungeon Overview and Level Annotations

Branches:
Dungeon (4/15)
 Temple: D:4-7

Altars:


Innate Abilities, Weirdness & Mutations

Your body is rotting away.
You thrive by killing the living.
You are immune to poison.
You have sharp fingernails.
Your flesh is cold resistant. (rC+)
You are immune to negative energy. (rN+++)
You do not regenerate when monsters are visible.
You are immune to unholy pain and torment.
You can survive without breathing.


Message History

The orc wizard looks satisfied for a moment.
The orc barely misses you.
You barely miss the orc.
The orc is moderately wounded.
The orc wizard casts a spell at you. The magic dart hits you!
* * * LOW HITPOINT WARNING * * *
The orc wizard closely misses you. The orc hits you.
* * * LOW HITPOINT WARNING * * *
Casting: Sandblast (safe; 3% risk of failure)
Confirm with . or Enter, or press ? or * to list all spells.
Aiming: Sandblast (safe; 3% risk of failure)
Press: ? - help, Shift-Dir - straight line, f/p - orc wizard
Aim: an orc wizard, wielding a +0 dagger and wearing a +0 robe The blast of sand hits the orc wizard!
The orc wizard is severely wounded.
b - 64 stones The orc wizard points at you and mumbles some strange words.
The magic dart hits you!
You die...

### #.. #.# #.# #
#.####.# #.{.a..#)
#ooo..... #@# #o#
######.# #......#
#.######
#######.###############
.....................<#
.######.###############
#.#


You could see a worker ant, 2 orc wizards and 2 orcs.

Vanquished Creatures
  3 adders
  An ooze (D:3)
  A dart slug (D:1)
  An orc (D:3)
  5 bats
  3 giant cockroaches (D:3)
  7 goblins
  A hobgoblin (D:3)
  2 frilled lizards
  2 kobolds
  6 rats
32 creatures vanquished.

Notes
Turn   | Place    | Note
-------+----------+-------------------------------------------
     0 | D:1      | Lanoc the Ghoul Earth Elementalist began the quest for the
                  | Orb.
     0 | D:1      | Reached XP level 1. HP: 14/14 MP: 2/2
   347 | D:1      | Reached XP level 2. HP: 20/20 MP: 1/3
   801 | D:3      | Reached skill level 4 in Earth Magic
   851 | D:3      | Reached XP level 3. HP: 26/26 MP: 2/4
  1934 | D:4      | Reached skill level 5 in Earth Magic
  1934 | D:4      | Reached XP level 4. HP: 25/33 MP: 5/5
  2013 | D:4      | Killed from afar by an orc wizard

Illustrated notes

Levels and vault maps discovered:
D:1:      minmay_arrival_four_loops, layout_basic, serial_forest,
          infiniplex_forest_clump_curved, infiniplex_forest_lined_corner,
          infiniplex_forest_end_1, infiniplex_forest_lined_room_2,
          infiniplex_forest_lined_ring, serial_bayou_ford_a
D:2:      layout_loops_ring, tgw_trog, grunt_temple_overflow_open
D:3:      lemuel_upstairs_altar, layout_basic, minmay_fractal_squares_gapless_5
D:4:      layout_basic, palyth_stone_intersect, patterned_corridor, uniq_edmund,
          uniq_natasha

Skill      XL: |  1  2  3 |
---------------+----------+-----
Dodging        | 2 |  2.8
Earth Magic    | 4 5 |  5.1
Stealth        | |  2.1
Spellcasting   | |  1.7
Transmutations | |  0.8

Action                   |  1- 3 |  4- 6 || total
-------------------------+-------+-------++-------
Melee: Unarmed           |    36 |       ||    36
       Dagger            |     2 |     2 ||     4
 Cast: Sandblast         |    34 |     5 ||    39
 Stab: Sleeping          |     1 |       ||     1
Armor: Robe              |     7 |       ||     7
Dodge: Dodged            |    32 |     3 ||    35

Table legend: (Time is in decaauts)
 A = Elapsed time spent in this place.
 B = Non-inter-level travel time spent in this place.
 C = Inter-level travel time spent in this place.
 D = Time resting spent in this place.
 E = Time spent auto-exploring this place.
 F = Levels seen in this place.
 G = Mean time per level.
                   A        B        C        D        E       F      G
               +--------+--------+--------+--------+--------+-----+--------+
         Total |   2012 |   1950 |     62 |      0 |   1750 |   4 |  503.0 |
       Dungeon |   2012 |   1950 |     62 |      0 |   1750 |   4 |  503.0 |
               +--------+--------+--------+--------+--------+-----+--------+

Top non-repeatable levels by time:
     D:3: 1222 daAuts
     D:1: 604 daAuts
     D:4: 101 daAuts
     D:2: 84 daAuts
